 Dungeon Crawl Stone Soup version 0.21.1-1-g345015fe64 (webtiles) character file.

935 Delanovic the Cudgeler (level 8, -3/72 HPs)
             Began as a Tengu Monk on Apr 11, 2018.
             Was a Follower of Qazlal.
             Succumbed to Duvessa's poison
             ... on level 5 of the Dungeon.
             The game lasted 00:13:48 (5352 turns).

Delanovic the Cudgeler (Tengu Monk)                 Turns: 5352, Time: 00:13:48

Health: -3/72      AC: 28    Str: 15    XL:     8   Next: 11%
Magic:  10/10      EV:  2    Int: 10    God:    Qazlal [*.....]
Gold:   238        SH:  2    Dex: 16    Spells: 7/7 levels left

rFire    . . .     SeeInvis .   a - +0 mace
rCold    . . .     Gourm    .   (no shield)
rNeg     + + +     Faith    .   (armour currently unavailable)
rPois    +         Spirit   .   (helmet currently unavailable)
rElec    .         Reflect  .   (cloak currently unavailable)
rCorr    .         Harm     .   (gloves currently unavailable)
MR       .....     NoTele   +   (boots unavailable)
Stlth    ++........             (no amulet)
HPRegen  0.22/turn              m - +4 ring of protection
MPRegen  0.12/turn              (no ring)

@: lethally poisoned (-3 -> -55), tree-form
A: able to fly 1
a: Fly, Renounce Religion


You were on level 5 of the Dungeon.
You worshipped Qazlal.
Qazlal was aware of your devotion.
You were not hungry.
You were a tree.
You visited 1 branch of the dungeon, and saw 5 of its levels.

You collected 238 gold pieces.

Inventory:

Hand Weapons
 a - a +0 mace (weapon)
Missiles
 s - 2 throwing nets (quivered)
 u - 5 tomahawks of returning
Armour
 h - a +0 cloak (melded)
 n - a +0 hat (melded)
 v - a +0 chain mail (melded)
Magical Staves
 p - an uncursed staff of energy {unknown}
Jewellery
 m - a +4 ring of protection (left branch)
Scrolls
 f - 7 scrolls of remove curse {unknown}
 i - 2 scrolls of amnesia {unknown}
 k - 2 scrolls of immolation {unknown}
 l - 5 scrolls of identify {unknown}
 q - 2 scrolls of teleportation {unknown}
Potions
 g - a potion of degeneration
 r - 2 potions of flight
Comestibles
 c - 12 rations


   Skills:
 + Level 4.3 Fighting
 - Level 6.0 Maces & Flails
 + Level 5.7 Armour
 * Level 5.0 Dodging
 - Level 2.0 Stealth
 * Level 2.1 Invocations


You had 7 spell levels left.
You didn't know any spells.

Dungeon Overview and Level Annotations

Branches:
Dungeon (5/15)             Temple (0/1) D:5

Altars:
Dithmenos
Gozag
Qazlal
Trog
Vehumet
Wu Jian
The Shining One


Innate Abilities, Weirdness & Mutations

((You have a beak for a mouth.))
((You have claws for feet.))
You can fly.


Message History

You kill Duvessa!
Qazlal accepts your kill.
Your Dodging skill increases to level 5!
Your Invocations skill increases to level 2!
You have reached level 8!
You feel stronger.
There is a lethal amount of poison in your body!
* * * LOW HITPOINT WARNING * * *
You feel very sick.
As you read the scroll labeled BYFOCK MAETAU, it crumbles to dust.
You feel aware of your surroundings.
You sensed 1 altar.
It was a scroll of magic mapping.
* * * LOW HITPOINT WARNING * * *
You feel very sick.
Okay, then.
You turn into a tree.
Your +0 cloak melds into your body.
Your +0 hat melds into your body.
Your +0 chain mail melds into your body.
Your roots penetrate the ground.
You die...

*##***** ##.......###########
#.##...............
#.##.##.##########.
#.##.##.#........#.
#..#.##.#.######.#.
##.#.##.#.#......#.
#.#.#..#.#.######. #.#.#..#.#.#
#. ********** #♣).#.##.#.# #.
*,,,,...,* ##)†#....#.# #.
*,,,,....* #..######.### #.
,,,,,....#**#####.>##.......# #.
,,,,,......*#.......#.......####.
,,,,,.!....*#.e.....#[...........
,,,,,......##.......#############
,,,,,...≈≈≈.........###*****
,,,,,..≈≈≈≈≈............,,,*


There were no monsters in sight!

Vanquished Creatures
  Duvessa (D:5)
  A phantom (D:5)
  2 ogres (D:4)
  2 scorpions
  Dowan (D:5)
  A howler monkey (D:5)
  3 hounds
  2 orc wizards
  2 iguanas
  2 worker ants (D:4)
  A hound skeleton (D:4)
  A worker ant zombie (D:5)
  4 adders
  A shadow imp (D:5)
  3 worms
  A dart slug (D:2)
  3 leopard geckos
  10 orcs
  5 giant cockroaches
  5 goblins
  7 hobgoblins
  2 jackals (D:3)
  6 bats
  A frilled lizard (D:4)
  5 kobolds
  3 rats
75 creatures vanquished.

Notes
Turn   | Place    | Note
-------+----------+-------------------------------------------
     0 | D:1      | Delanovic the Tengu Monk began the quest for the Orb.
     0 | D:1      | Reached XP level 1. HP: 14/14 MP: 2/2
   517 | D:1      | Reached XP level 2. HP: 19/19 MP: 3/3
   800 | D:2      | Found a radiant altar of Vehumet.
   856 | D:2      | Noticed a scorpion
   862 | D:2      | Killed a scorpion
   862 | D:2      | Reached skill level 4 in Maces & Flails
   862 | D:2      | Reached skill level 1 in Armour
   862 | D:2      | Reached XP level 3. HP: 13/23 MP: 4/4
  1131 | D:2      | Reached XP level 4. HP: 28/28 MP: 5/5
  1770 | D:3      | Found an opulent altar of Gozag.
  2068 | D:3      | Gained mutation: You can fly. [Tengu growth]
  2068 | D:3      | Reached XP level 5. HP: 31/33 MP: 6/6
  2145 | D:3      | Found a shadowy altar of Dithmenos.
  2153 | D:3      | Found a glowing golden altar of the Shining One.
  3041 | D:4      | Reached skill level 5 in Maces & Flails
  3253 | D:4      | Found an ornate altar of the Wu Jian Council.
  3279 | D:4      | Reached XP level 6. HP: 30/38 MP: 7/7
  3438 | D:4      | Found a bloodstained altar of Trog.
  3438 | D:4      | Found a stormy altar of Qazlal.
  3448 | D:4      | Became a worshipper of Qazlal Stormbringer
  3448 | D:4      | Reached * piety under Qazlal
  3448 | D:4      | Reached ** piety under Qazlal
  4412 | D:5      | Entered Level 5 of the Dungeon
  4496 | D:5      | Reached XP level 7. HP: 42/42 MP: 8/8
  4688 | D:4      | Reached skill level 1 in Invocations
  5113 | D:5      | Reached skill level 6 in Maces & Flails
  5113 | D:5      | Reached skill level 5 in Armour
  5281 | D:5      | Found a staircase to the Ecumenical Temple.
  5320 | D:5      | Noticed Duvessa
  5322 | D:5      | Noticed Dowan
  5343 | D:5      | Killed Dowan
  5349 | D:5      | Killed Duvessa
  5349 | D:5      | Reached skill level 5 in Dodging
  5349 | D:5      | Reached XP level 8. HP: 10/48 MP: 10/10
  5351 | D:5      | HP: 1/48 [poisoned by Duvessa]
  5352 | D:5      | Succumbed to Duvessa's poison

Skill      XL: |  1  2  3  4  5  6  7 |
---------------+----------------------+-----
Maces & Flails | 4 5 6 |  6.0
Armour         | 1 2 3 4 5 |  5.7
Dodging        | 4 5 |  5.0
Fighting       | 4 |  4.3
Invocations    | 2 |  2.1
Stealth        | |  2.0

Action                   |  1- 3 |  4- 6 |  7- 9 || total
-------------------------+-------+-------+-------++-------
Melee: Mace              |    20 |   199 |    62 ||   281
       Kick              |     5 |    48 |    19 ||    72
       Peck              |     2 |    34 |     9 ||    45
Invok: Upheaval          |       |     1 |     2 ||     3
  Use: Potion            |       |     3 |     5 ||     8
       Scroll            |       |       |     1 ||     1
 Stab: Sleeping          |     1 |     1 |       ||     2
  Eat: Chunk             |       |     8 |       ||     8
       Ration            |       |     1 |     1 ||     2
Armor: Ring mail         |     5 |    53 |       ||    58
       Chain mail        |       |    47 |    26 ||    73
       Skin              |       |       |    14 ||    14
Dodge: Dodged            |    17 |   113 |    14 ||   144
Block: Other             |       |     1 |     2 ||     3
